 Dungeon Sprint DCSS version 0.19-a0-1714-gcab94ab (webtiles) character file.

38120 Theye the Executioner (level 14, -10/145 HPs)
             Began as a Naga Fighter on Sept 28, 2016.
             Was the Champion of Qazlal.
             Splashed by a deep elf sorcerer's acid (15 damage)
             ... in the Dungeon (Sprint V: "Ziggurat Sprint").
             The game lasted 00:05:51 (1644 turns).

Theye the Executioner (Naga Fighter)                Turns: 1644, Time: 00:05:51

Health: -10/145    AC: 31    Str: 25    XL:     14   Next: 0%
Magic:  10/26      EV: -2    Int: 12    God:    Qazlal [******]
Gold:   0          SH: 41    Dex: 19    Spells: 0 memorised, 13 levels left

rFire  + . .     SeeInvis +     L - +14 obsidian axe {chop, +Fly SInv *Curse} (curse)
rCold  + + +     Gourm    .     l - +5 gold dragon armour
rNeg   + . .     Faith    .     M - +18 shield of the Gong {rElec rN+ MR+ EV-5}
rPois  +         Spirit   .     (no helmet)
rElec  +         Dismiss  +     E - +2 cloak {MR+}
rCorr  .         Reflect  .     (no gloves)
MR     ++++.     Harm     .     y - +1 naga barding {rC+}
Stlth  .......... NoTele   +    R - amulet of Uteorirgh {Dismiss MR+ Int+2 Dex+5}
                                b - ring "Radwi" {rC+ Str+6 Slay+5 Stlth-}
                                O - ring "Sadgh" {rPois Slay+3 Stlth+}

@: protected from physical damage, corroded, mesmerised, studying 3 skills,
repel missiles, very slow
A: see invisible, deformed body, poison resistance, slowness 2, slow metabolism
1, spit poison 1, constrict 1, AC +4
a: Spit Poison, Upheaval, Elemental Force, Disaster Area, Renounce Religion,
Evoke Flight


You were in the Dungeon.
You worshipped Qazlal.
Qazlal was exalted by your worship.
You were not hungry.

You visited 1 branch

Inventory:

Hand Weapons
 a - a +0 war axe
 L - the cursed +14 obsidian axe (weapon) {chop, +Fly SInv *Curse}
   (You found it in the Dungeon)

   It inflicts extra damage upon your enemies.
   It lets you see invisible.
   It lets you fly.
   It may re-curse itself when equipped.
   It has a curse placed upon it.
Armour
 l - a +5 gold dragon armour (worn)
 y - a +1 naga barding of cold resistance (worn)
 E - a +2 cloak of magic resistance (worn)
 M - the +18 shield of the Gong (worn) {rElec rN+ MR+ EV-5}
   (You found it in the Dungeon)

   It affects your evasion (-5).
   It insulates you from electricity.
   It protects you from negative energy.
   It affects your resistance to hostile enchantments.
Rods
 Q - a +2 lightning rod (13/13)
   (You found it in the Dungeon)
Jewellery
 b - the ring "Radwi" (right hand) {rC+ Str+6 Slay+5 Stlth-}
   (You found it in the Dungeon)

   [ring of protection from cold]

   It affects your strength (+6).
   It affects your accuracy and damage with ranged weapons and melee attacks
   (+5).
   It protects you from cold.
   It makes you less stealthy.
 c - the ring of Cuveh {rF+ rN+}
   (You found it in the Dungeon)

   [ring of protection from fire]

   It protects you from fire.
   It protects you from negative energy.
 p - an uncursed amulet of guardian spirit
 C - the ring of Viziv {rPois rC+ rN++}
   (You found it in the Dungeon)

   [ring of poison resistance]

   It protects you from cold.
   It protects you from poison.
   It greatly protects you from negative energy.
 O - the ring "Sadgh" (left hand) {rPois Slay+3 Stlth+}
   (You found it in the Dungeon)

   [ring of poison resistance]

   It affects your accuracy and damage with ranged weapons and melee attacks
   (+3).
   It protects you from poison.
   It makes you more stealthy.
 P - the ring of Wimeaph {MR+ Dex+2 Stlth+}
   (You found it in the Dungeon)

   [ring of stealth]

   It affects your dexterity (+2).
   It affects your resistance to hostile enchantments.
   It makes you more stealthy.
 R - the amulet of Uteorirgh (around neck) {Dismiss MR+ Int+2 Dex+5}
   (You found it in the Dungeon)

   [amulet of dismissal]

   It may teleport away creatures that harm you.
   It affects your intelligence (+2).
   It affects your dexterity (+5).
   It affects your resistance to hostile enchantments.
Wands
 G - a wand of disintegration (7/24)
 H - a wand of iceblast (5/15)
 I - a wand of lightning (5/15)
 J - a wand of acid (5/15)
Scrolls
 k - 4 scrolls of blinking
 r - 4 scrolls of amnesia
 s - 3 scrolls of recharging
 t - 7 scrolls of fog
 u - 2 scrolls of holy word
 v - 5 scrolls of identify
 w - 5 scrolls of remove curse
 x - 2 scrolls of fear
Potions
 d - 6 potions of might
 e - 10 potions of curing
 g - 8 potions of heal wounds
 h - 6 potions of haste
 i - 7 potions of magic
 j - 2 potions of berserk rage
 m - 2 potions of brilliance
 o - 3 potions of resistance
 q - 5 potions of agility
Books
 B - a manual of Conjurations
 D - a manual of Earth Magic
 F - a manual of Staves
Miscellaneous
 n - 2 phantom mirrors
 K - a disc of storms
Comestibles
 f - 5 bread rations
 z - 42 fruits
 A - 3 meat rations


   Skills:
 + Level 14.6 Fighting
 * Level 21.5 Axes
 + Level 10.3 Armour
 + Level 1.7 Dodging
 + Level 14.3 Shields
 * Level 16.3 Invocations


You had 13 spell levels left.
You didn't know any spells.

Dungeon Overview and Level Annotations

Branches:
Dungeon (1/1)

Altars:
Ashenzari
Cheibriados
Dithmenos
Elyvilon
Fedhas
Gozag
Hepliaklqana
Kikubaaqudgha
Makhleb
Nemelex Xobeh
Okawaru
Qazlal
Ru
Sif Muna
Trog
Uskayaw
Vehumet
Xom
Yredelemnul
Zin
The Shining One
Beogh
Jiyva
Lugonu


Innate Abilities, Weirdness & Mutations

You cannot wear boots.
Your serpentine skin is tough. (AC +4)
You have supernaturally acute eyesight. (SInv)
Armour fits poorly on your strangely shaped body.
Your system is resistant to poisons. (rPois)
You cover ground very slowly.
You have a slow metabolism.
You can spit poison.
You can use your snake-like lower body to constrict enemies.


Message History

The deep elf sorcerer is engulfed in roaring flames.
The deep elf sorcerer casts a spell.
The deep elf high priest invokes the aid of its god against you.
Something smites you!
* * * LOW HITPOINT WARNING * * *
The mace of crushing hits you but does no damage.
You block the deep elf blademaster's attack.
GONNNNG!
You block the deep elf blademaster's attack.
PANG!
The deep elf blademaster hits you with a rapier.
* * * LOW HITPOINT WARNING * * *
The deep elf blademaster hits you with a rapier.
* * * LOW HITPOINT WARNING * * *
The deep elf sorcerer is engulfed in roaring flames.
The deep elf sorcerer points at you and mumbles some strange words.
The bolt of acid hits you!
* * * LOW HITPOINT WARNING * * *
You are splashed with acid!
The acid burns!
You die...

▓▓▓▓▓▓▓▓▓▓▓▓▓▓▓.........
▓.....8©8.....▓.........
▓.[[.::.[:))|.▓.........
▓..:[)}}.}|[..▓.........
▓..§§)).......▓..▓.††..▓
▓....)))......▓.▓▓▓†..▓▓
▓...§)e§)§§...▓..▓.[...▓
▓....§ee§§....▓.........
▓.≈.≈§e@e.§§..▓▓▓▓▓▓▓▓▓▓
▓..▓..§((.§▓§.▓...8©8...
▓ ▓▓..§.§▓▓ ▓..[}=:=|.
▓..▓.§.(§..▓..▓..)).):..
▓..≈.e........▓.........
▓..≈..........▓.........
▓▓▓▓▓▓▓▓▓▓▓▓▓▓▓.........
▓......... ▓..▓...▓..


You could see 2 deep elf blademasters, a deep elf master archer, a deep elf
annihilator, a deep elf sorcerer, a deep elf high priest and a mace of crushing.

Vanquished Creatures
  An acid blob (D)
  A deep elf master archer (D)
  An azure jelly (D)
  A deep elf sorcerer (D)
  A deep elf elementalist (D)
  A mummy priest (D)
  3 merfolk javelineers (D)
  A merfolk impaler (D)
  2 death oozes (D)
  2 deep elf high priests (D)
  A great orb of eyes (D)
  A hydra (D)
  A soul eater (D)
  2 deep elf knights (D)
  2 skeletal warriors (D)
  A deep elf archer (D)
  A sea snake (D)
  4 deep elf magi (D)
  3 hornets (D)
  2 cyclopes (D)
  4 manticores (D)
  3 black mambas (D)
  2 elephants (D)
  3 spiny frogs (D)
  A siren (D)
  A guardian mummy (D)
  A komodo dragon (D)
  3 rime drakes (D)
  12 merfolk (D)
  4 jumping spiders (D)
  A wind drake (D)
  A blink frog (D)
  A snapping turtle (D)
  3 slime creatures (D)
  4 spriggans (D)
  3 redbacks (D)
  A shadow (D)
  2 wraiths (D)
  4 tarantellas (D)
  An ushabti (D)
  2 basilisks (D)
  An orc warrior (D)
  9 porcupines (D)
  2 water moccasins (D)
  A swamp drake (D)
  2 ice beasts (D)
  2 wasps (D)
  4 wolves (D)
  A centaur (D)
  A crocodile (D)
  An earth elemental (D)
  4 bullfrogs (D)
  A scorpion (D)
  2 jellies (D)
  An orc wizard (D)
  2 orc priests (D)
  An iguana (D)
  2 mummies (D)
  4 river rats (D)
  2 white imps (D)
  4 adder skeletons (D)
  2 adder zombies (D)
  4 orcs (D)
  2 ball pythons (D)
  A bat skeleton (D)
  4 bat zombies (D)
  A jackal (D)
  A ball python skeleton (D)
  A jackal zombie (D)
  A leopard gecko zombie (D)
153 creatures vanquished.

Vanquished Creatures (collateral kills)
  A spiny frog (D)
  A black bear (D)
  A wolf (D)
  A bullfrog (D)
  2 river rats (D)
  An adder zombie (D)
7 creatures vanquished.

Grand Total: 160 creatures vanquished

Notes
Turn   | Place    | Note
-------+----------+-------------------------------------------
     0 | D        | Theye the Naga Fighter began the quest for the Orb.
     0 | D        | Reached XP level 1. HP: 21/21 MP: 1/1
    15 | D        | Found a deep blue altar of Sif Muna.
    15 | D        | Found a bloodstained altar of Trog.
    15 | D        | Found a sacrificial altar of Ru.
    15 | D        | Found a stormy altar of Qazlal.
    15 | D        | Found an iron altar of Okawaru.
    16 | D        | Found a sparkling altar of Nemelex Xobeh.
    16 | D        | Found a blossoming altar of Fedhas.
    18 | D        | Found an ancient bone altar of Kikubaaqudgha.
    18 | D        | Found a viscous altar of Jiyva.
    18 | D        | Found a corrupted altar of Lugonu.
    18 | D        | Found a hazy altar of Hepliaklqana.
    18 | D        | Found a burning altar of Makhleb.
    18 | D        | Found an opulent altar of Gozag.
    57 | D        | Became a worshipper of Qazlal Stormbringer
    67 | D        | Reached skill level 4 in Axes
    67 | D        | Reached skill level 1 in Dodging
    67 | D        | Reached XP level 2. HP: 30/30 MP: 1/4
    69 | D        | Entered arena 1.
    78 | D        | Entered arena 2.
    78 | D        | Noticed a rime drake
    78 | D        | Noticed a rime drake
    78 | D        | Noticed a swamp drake
    83 | D        | Killed a rime drake
    83 | D        | Reached * piety under Qazlal
    83 | D        | Reached skill level 5 in Axes
    83 | D        | Reached skill level 5 in Armour
    83 | D        | Reached skill level 5 in Shields
    83 | D        | Reached XP level 3. HP: 30/40 MP: 2/7
    83 | D        | Reached XP level 4. HP: 36/48 MP: 2/8
    83 | D        | Reached XP level 5. HP: 42/55 MP: 2/9
    84 | D        | Killed a rime drake
    84 | D        | Reached skill level 6 in Axes
    84 | D        | Reached XP level 6. HP: 48/63 MP: 3/11
    85 | D        | Killed a swamp drake
    85 | D        | Reached skill level 7 in Axes
    85 | D        | Reached XP level 7. HP: 55/72 MP: 3/12
    92 | D        | Entered arena 3.
    92 | D        | Noticed a tarantella
    92 | D        | Noticed a jumping spider
    92 | D        | Noticed a tarantella
    95 | D        | Killed a tarantella
    95 | D        | Reached ** piety under Qazlal
    98 | D        | Killed a tarantella
    98 | D        | Reached skill level 8 in Axes
   104 | D        | Killed a jumping spider
   104 | D        | Reached skill level 9 in Axes
   104 | D        | Reached XP level 8. HP: 23/81 MP: 6/14
   293 | D        | Entered arena 4.
   295 | D        | Reached *** piety under Qazlal
   338 | D        | Got the ring "Sastrig" {*Slow rC+++ rN+ Str+3 Dex+3}
   347 | D        | Identified the Grimoire of the Arsonist and Attacks (You found it in the Dungeon)
   390 | D        | Entered arena 5.
   390 | D        | Noticed a merfolk
   390 | D        | Noticed a merfolk
   390 | D        | Noticed a merfolk
   390 | D        | Noticed a merfolk
   390 | D        | Noticed a merfolk
   395 | D        | Killed a merfolk
   395 | D        | Reached **** piety under Qazlal
   395 | D        | Reached skill level 10 in Axes
   401 | D        | Killed a merfolk
   401 | D        | Reached XP level 9. HP: 41/90 MP: 7/15
   401 | D        | Killed a merfolk
   401 | D        | Reached skill level 11 in Axes
   405 | D        | Killed a merfolk
   406 | D        | Killed a merfolk
   410 | D        | Got the ring "Sadgh" {rPois Slay+3 Stlth+}
   422 | D        | Got the ring of Wimeaph {MR+ Dex+2 Stlth+}
   628 | D        | Entered arena 6.
   628 | D        | Noticed a guardian mummy
   628 | D        | Noticed a mummy priest
   637 | D        | Killed a guardian mummy
   637 | D        | Reached ***** piety under Qazlal
   637 | D        | Reached skill level 12 in Axes
   638 | D        | Killed a mummy priest
   638 | D        | Reached skill level 13 in Axes
   638 | D        | Reached skill level 10 in Invocations
   638 | D        | Reached XP level 10. HP: 32/99 MP: 3/17
   889 | D        | Entered arena 7.
   889 | D        | Noticed a spiny frog
   893 | D        | Killed a spiny frog
   902 | D        | Entered arena 8.
   902 | D        | Noticed a spriggan rider
   905 | D        | Reached ****** piety under Qazlal
   907 | D        | Reached skill level 14 in Axes
   914 | D        | Killed a spriggan rider
   921 | D        | Got the amulet of Uteorirgh {Dismiss MR+ Int+2 Dex+5}
   936 | D        | Got the ring "Radwi" {rC+ Str+6 Slay+5 Stlth-}
   942 | D        | Entered arena 9.
   945 | D        | Reached skill level 10 in Fighting
   957 | D        | Got the ring "Onorch" {rElec MP+9}
   959 | D        | Entered arena 10.
   959 | D        | Noticed a cyclops
   959 | D        | Noticed a cyclops
   967 | D        | Killed a cyclops
   967 | D        | Reached skill level 15 in Axes
   968 | D        | Reached XP level 11. HP: 34/110 MP: 4/19
   969 | D        | Killed a cyclops
  1196 | D        | Entered arena 11.
  1196 | D        | Noticed a death ooze
  1196 | D        | Noticed a death ooze
  1196 | D        | Noticed an acid blob
  1196 | D        | Noticed an azure jelly
  1197 | D        | Noticed a great orb of eyes
  1202 | D        | Killed a death ooze
  1202 | D        | Reached skill level 16 in Axes
  1203 | D        | Killed a death ooze
  1203 | D        | Reached skill level 10 in Shields
  1204 | D        | Killed an acid blob
  1204 | D        | Reached skill level 17 in Axes
  1207 | D        | Killed an azure jelly
  1211 | D        | Killed a great orb of eyes
  1211 | D        | Reached XP level 12. HP: 91/120 MP: 21/21
  1227 | D        | Got the ring of Cuveh {rF+ rN+}
  1233 | D        | Entered arena 12.
  1233 | D        | Noticed a soul eater
  1237 | D        | Reached skill level 18 in Axes
  1242 | D        | Killed a soul eater
  1336 | D        | Entered arena 13.
  1373 | D        | Entered arena 14.
  1384 | D        | Reached skill level 19 in Axes
  1395 | D        | Got the ring of Viziv {rPois rC+ rN++}
  1396 | D        | Entered arena 15.
  1397 | D        | Noticed a merfolk impaler
  1397 | D        | Noticed a merfolk javelineer
  1397 | D        | Noticed a merfolk javelineer
  1397 | D        | Noticed a merfolk javelineer
  1404 | D        | Killed a merfolk javelineer
  1404 | D        | Killed a merfolk impaler
  1404 | D        | Killed a merfolk javelineer
  1404 | D        | Gained mutation: You can use your snake-like lower body to constrict enemies. [Naga growth]
  1404 | D        | Reached XP level 13. HP: 91/133 MP: 23/23
  1410 | D        | Killed a merfolk javelineer
  1410 | D        | Reached skill level 20 in Axes
  1569 | D        | Entered arena 16.
  1579 | D        | Reached skill level 15 in Invocations
  1604 | D        | Entered arena 17.
  1636 | D        | Entered arena 18.
  1638 | D        | Noticed a deep elf high priest
  1638 | D        | Noticed a deep elf sorcerer
  1638 | D        | Noticed a deep elf sorcerer
  1638 | D        | Noticed a deep elf blademaster
  1639 | D        | Noticed a deep elf blademaster
  1639 | D        | Noticed a deep elf high priest
  1639 | D        | Noticed a deep elf master archer
  1639 | D        | Noticed a deep elf annihilator
  1639 | D        | Noticed a deep elf high priest
  1640 | D        | Noticed a deep elf elementalist
  1640 | D        | Noticed a deep elf master archer
  1642 | D        | Killed a deep elf high priest
  1642 | D        | Killed a deep elf sorcerer
  1642 | D        | Reached skill level 21 in Axes
  1642 | D        | Reached skill level 10 in Armour
  1643 | D        | Killed a deep elf elementalist
  1643 | D        | Killed a deep elf master archer
  1643 | D        | Killed a deep elf high priest
  1643 | D        | Reached XP level 14. HP: 31/145 MP: 17/26
  1644 | D        | HP: 5/145 [deep elf sorcerer/bolt of acid (26)]
  1644 | D        | Splashed by a deep elf sorcerer's acid

Vault maps used:
D:        sprint_v

Skill      XL: |  1  2  3  4  5  6  7  8  9 10 11 12 13 |
---------------+----------------------------------------+-----
Axes           | 4 5 6 7 9 10 13 15 17 19 21 | 21.5
Armour         | 3 5 6 7 8 9 10 | 10.3
Dodging        | 1 |  1.7
Shields        | 3 5 6 7 8 9 10 12 14 | 14.3
Invocations    | 3 6 7 8 9 10 11 13 14 16 | 16.3
Fighting       | 6 7 8 9 10 11 13 14 | 14.6

Action                   |  1- 3 |  4- 6 |  7- 9 | 10-12 | 13-15 || total
-------------------------+-------+-------+-------+-------+-------++-------
Melee: Broad axe         |     4 |     2 |    29 |    73 |    31 ||   139
       Constrict         |       |       |       |       |     3 ||     3
Invok: Elemental Force   |       |       |     1 |       |       ||     1
       Disaster Area     |       |       |       |     2 |     3 ||     5
  Use: Potion            |     3 |       |     3 |     1 |     1 ||     8
       Scroll            |       |       |       |     1 |       ||     1
 Stab: Invisible         |       |     1 |     2 |     4 |       ||     7
  Eat: Meat ration       |       |       |       |     1 |       ||     1
Armor: Gold dragon armou |       |     1 |    30 |    26 |    22 ||    79
Dodge: Dodged            |       |       |       |     1 |     4 ||     5
Block: Shield            |     3 |     2 |    55 |   124 |    68 ||   252
